 Dungeon Crawl Stone Soup version 0.21.1 (webtiles) character file.

238 sweetbreads the Cutter (level 6, -2/37 HPs)
             Began as a Kobold Berserker on Feb 3, 2018.
             Was a Believer of Trog.
             Slain by a killer bee (5 damage)
             ... on level 3 of the Dungeon.
             The game lasted 00:17:16 (3210 turns).

sweetbreads the Cutter (Kobold Berserker)           Turns: 3210, Time: 00:17:17

Health: -2/37      AC:  4    Str: 14    XL:     6   Next: 28%
Magic:  6/6        EV: 16    Int:  8    God:    Trog [**....]
Gold:   144        SH:  0    Dex: 17    Spells: 5/5 levels left

rFire    . . .     SeeInvis .   a - +0 rapier
rCold    . . .     Gourm    .   (shield restricted)
rNeg     . . .     Faith    .   x - +0 leather armour (curse)
rPois    .         Spirit   .   (no helmet)
rElec    .         Reflect  .   v - scarf {cloud immunity}
rCorr    .         Harm     .   y - +0 pair of gloves
MR       .....                  (no boots)
Stlth    +.........             (no amulet)
HPRegen  0.12/turn              (no ring)
MPRegen  0.10/turn              (no ring)

@: lethally poisoned (-2 -> -5), berserk cooldown, slowed, very slow
A: small, carnivore
a: Berserk, Trog's Hand, Burn Spellbooks, Renounce Religion


You were on level 3 of the Dungeon.
You worshipped Trog.
Trog was pleased with you.
You were not hungry.

You visited 1 branch of the dungeon, and saw 4 of its levels.

You collected 144 gold pieces.

Inventory:

Hand Weapons
 a - a +0 rapier (weapon)
 r - a +0 hunting sling
Missiles
 d - 182 stones (quivered)
 i - 4 steel tomahawks
 z - 22 poisoned needles
Armour
 v - a scarf of cloud immunity (worn)
 x - a cursed +0 leather armour (worn)
 y - a +0 pair of gloves (worn)
Scrolls
 g - 4 scrolls of identify {unknown}
 h - a scroll of amnesia {unknown}
 l - a scroll of enchant weapon {unknown}
 q - a scroll of enchant armour {unknown}
 t - a scroll of noise {unknown}
Potions
 k - a potion of lignification {unknown}
 n - a potion of curing
 u - a potion of agility {unknown}
Comestibles
 c - 3 rations


   Skills:
 - Level 3.2 Fighting
 + Level 7.7 Short Blades
 - Level 1.5 Armour
 + Level 4.3 Dodging


You had 5 spell levels left.
You didn't know any spells.

Dungeon Overview and Level Annotations

Branches:
Dungeon (4/15)
 Temple: D:4-7

Altars:
Ashenzari
Cheibriados
Elyvilon
Hepliaklqana
Qazlal
Xom
The Shining One


Innate Abilities, Weirdness & Mutations

You are small and have problems with some larger weapons.
You are carnivorous and can eat meat at any time.


Message History

You hit the killer bee.
The killer bee is heavily wounded.
You feel sick. The killer bee barely misses you.
The killer bee closely misses you.
You barely miss the killer bee.
The killer bee is heavily wounded.
The killer bee closely misses you. The killer bee stings you.
* * * LOW HITPOINT WARNING * * *
The killer bee stings you.
* * * LOW HITPOINT WARNING * * *
Unknown command.
You puncture the killer bee!
The killer bee is almost dead.
* * * LOW HITPOINT WARNING * * *
You feel sick. The killer bee closely misses you.
The killer bee barely misses you.
You hit the killer bee but do no damage.
The killer bee is almost dead.
The killer bee stings you.
You die...

#......########.......#
.............##.......#
.......#####.##.......#
....<......#.##.......#
...#.......#.##.......#
.#.#..........##'######
.#.#..........##.#
.#............##[#
..............'y@#
..............####
############'##
...........#.###############
#...#...#..#...............#
.........._###############.#
#...#...#..##### #.#
...........#...###### #.#
############........######.#


You could see a killer bee.

Vanquished Creatures
  3 killer bees (D:3)
  3 adders
  An adder skeleton (D:3)
  2 worms
  A dart slug (D:1)
  A leopard gecko (D:1)
  4 orcs (D:3)
  A ball python (D:4)
  A giant cockroach (D:3)
  6 goblins
  7 hobgoblins
  8 jackals
  7 kobolds
  5 bats
  6 frilled lizards
  6 rats
62 creatures vanquished.

Notes
Turn   | Place    | Note
-------+----------+-------------------------------------------
     0 | D:1      | sweetbreads the Kobold Berserker began the quest for the Orb.
     0 | D:1      | Reached XP level 1. HP: 14/14 MP: 1/1
   159 | D:1      | Reached XP level 2. HP: 18/19 MP: 2/2
   593 | D:1      | Reached skill level 5 in Short Blades
   594 | D:1      | Reached XP level 3. HP: 23/23 MP: 3/3
  1217 | D:2      | Found a white marble altar of Elyvilon.
  1332 | D:2      | Reached ** piety under Trog
  1376 | D:2      | Reached XP level 4. HP: 28/28 MP: 4/4
  1522 | D:2      | Found a shimmering altar of Xom.
  1529 | D:2      | Found a snail-covered altar of Cheibriados.
  1531 | D:2      | Found a hazy altar of Hepliaklqana.
  2038 | D:3      | Reached skill level 6 in Short Blades
  2119 | D:3      | Reached XP level 5. HP: 32/32 MP: 5/5
  2359 | D:3      | Found a shattered altar of Ashenzari.
  2427 | D:3      | Found a stormy altar of Qazlal.
  2579 | D:3      | Reached skill level 7 in Short Blades
  2745 | D:3      | Reached XP level 6. HP: 27/37 MP: 6/6
  2859 | D:3      | Found a glowing golden altar of the Shining One.
  3210 | D:3      | Slain by a killer bee

Skill      XL: |  1  2  3  4  5 |
---------------+----------------+-----
Short Blades   | 5 6 7 |  7.7
Dodging        | 3 4 |  4.3
Fighting       | |  3.2
Armour         | |  1.5

Action                   |  1- 3 |  4- 6 || total
-------------------------+-------+-------++-------
Melee: Short sword       |   101 |   121 ||   222
       Rapier            |       |    20 ||    20
Invok: Berserk           |     7 |     6 ||    13
  Use: Potion            |       |     1 ||     1
 Stab: Sleeping          |     3 |     2 ||     5
  Eat: Chunk             |    13 |     8 ||    21
Armor: Animal skin       |    11 |    10 ||    21
       Leather armour    |       |     3 ||     3
Dodge: Dodged            |    62 |   103 ||   165
